AoeStats
← Bandolero

Arabian Desert

508732737Analyzed
1v1 RM · 8d ago on Sep 23, 2026· 48m 12s· 2 players
Game mode
Random Map
Map size
Tiny (2 player)
Population
200
Speed
Normal
Resources
Standard
Victory
Conquest
Starting age
Dark Age
Ending age
Imperial Age
RankedLock teamsTeams togetherTeam positionsShared explorationLock speedFull tech treeHidden civsTurbo modeCheats
Victory
Defeat
🇲🇽 Chinese · Mexico
1315
+17
🇦🇷 Persians · Argentina
1346
-17
Bandolero
6:03 Loom
8:49 Feudal Age
9:48 Double-Bit Axe
21:33 Castle Age
19:32 Horse Collar
19:44 Gold Mining
21:03 Bloodlines
21:04 Scale Barding Armor
21:10 Forging
21:37 Stone Mining
23:59 Bow Saw
24:51 Wheelbarrow
24:52 Town Watch
25:56 Chain Barding Armor
26:19 Iron Casting
31:45 Fletching
32:16 Chain Barding Armor
36:23 Imperial Age
35:52 Hand Cart
36:07 Scale Mail Armor
38:50 Man-at-Arms
39:16 Gambesons
39:46 Squires
39:32 Long Swordsman
41:13 Chain Mail Armor
44:46 Plate Mail Armor
45:19 Conscription
48:13 Chemistry
49:15 Blast Furnace
carlosalbertoalvarez0
0:38 Loom
9:20 Feudal Age
10:33 Double-Bit Axe
11:18 Horse Collar
19:51 Castle Age
18:25 Gold Mining
19:15 Scale Mail Armor
19:30 Fletching
20:38 Squires
21:04 Bodkin Arrow
23:00 Wheelbarrow
23:49 Bow Saw
25:09 Hand Cart
25:24 Arson
27:55 Chain Mail Armor
37:23 Imperial Age
36:11 Forging
40:08 Plate Mail Armor
39:00 Elite Fire Lancer
42:30 Iron Casting
44:55 Conscription
46:19 Chemistry
45:41 Ballistics
45:32 Masonry
47:07 Elite Chu Ko Nu
Connection lost

Rejoining the realm…

Still unreachable

The connection could not be restored.

Session expired

The server has moved on; the page needs a fresh start.